[Event "XVII Profigaia Open 2017"]
[Site "Gaia"]
[Date "2017.06.16"]
[Round "4"]
[White "Pintor, Simao Maciel Abranc"]
[Black "De Souza Monteiro, Marcos Paulo"]
[Result "1-0"]
[ECO "B76"]
[WhiteElo "2022"]
[BlackElo "1961"]
[Annotator "NA RC"]
[PlyCount "43"]
[EventDate "2017.??.??"]
[EventType "swiss"]
[EventCountry "POR"]
[SourceTitle "playchess.com"]
[Source "ChessBase"]
[SourceQuality "1"]
[TimeControl "5400+30"]

1. e4 c5 2. Nf3 d6 3. d4 cxd4 4. Nxd4 Nf6 5. Nc3 g6 6. Be3 Bg7 7. f3 O-O 8. Qd2 Nc6 9. O-O-O d5 10. Qe1 {[%emt 0:00:16] LiveBook: 401 Games} e5 11. Nxc6 bxc6 12. exd5 Nxd5 13. Ne4 {[%emt 0:04:01] B76: Sicilian Dragon: Yugoslav Attack, 9 g4 and 9 0-0-0} (13. Bc4 Be6 14. Kb1 Re8 15. h4 Qc7 16. Nxd5 cxd5 17. Bxd5 Bxd5 18. Rxd5 e4 19. fxe4 Rxe4 20. Qd2 Bxb2 21. Kxb2 Qb7+ {½-½ (54) Navara,D (2735)-Edouard,R (2641) Drancy 2016}) 13... Qc7 14. Bc5 (14. Bc4 $14) 14... Rd8 15. Qh4 {[%emt 0:05:15] [#]} (15. g4 $11) 15... f6 $146 (15... f5 $1 $15 16. Nd2 (16. Ng5 h6 $17) 16... Be6) ({Predecessor:} 15... h6 16. g4 Be6 17. g5 h5 18. Bc4 Rd7 19. Ba3 Rad8 20. Nc5 Ne3 21. Nxd7 Nxc4 {0-1 (29) Muhammad,L (2279)-Cvitan,O (2562) Biel 2013}) 16. Bc4 Be6 17. Bxd5 cxd5 18. Nxf6+ Kf7 $2 (18... Bxf6 $11 19. Qxf6 Re8) 19. Nxh7 Bf5 ({Don't go for} 19... Qxc5 $2 20. Ng5+ Ke8 21. Nxe6 $18) (19... Ke8 $142) 20. Ng5+ Ke8 21. Qa4+ Bd7 $18 (21... Qd7 $142 22. Qxd7+ Rxd7) 22. Ne6 1-0

[Event "XVII Profigaia Open 2017"]
[Site "Gaia"]
[Date "2017.06.16"]
[Round "4"]
[White "Silva, Mariana Sofia T"]
[Black "Fernandes, Claudio Micael Sous"]
[Result "0-1"]
[ECO "B25"]
[WhiteElo "1922"]
[BlackElo "1661"]
[Annotator "NA RC"]
[PlyCount "102"]
[EventDate "2017.??.??"]
[EventType "swiss"]
[EventCountry "POR"]
[SourceTitle "playchess.com"]
[Source "ChessBase"]
[SourceQuality "1"]
[TimeControl "5400+30"]

1. e4 c5 2. Nc3 Nc6 3. g3 g6 4. Bg2 Bg7 5. d3 d6 6. f4 e6 7. Nf3 Nge7 8. O-O O-O 9. Be3 Nd4 10. e5 Nef5 11. Bf2 Rb8 {[%emt 0:05:18] LiveBook: 16 Games} 12. Ne4 Nxf3+ 13. Qxf3 dxe5 {[%emt 0:00:21] B25: Closed Sicilian: 3 g3, lines without early Be3} (13... b6 14. g4 Bb7 15. Qd1 dxe5 16. gxf5 exf5 17. Nc3 Bxg2 18. Kxg2 exf4 19. Qf3 Qd6 20. Bh4 h6 21. Qd5 Qxd5+ 22. Nxd5 {0-1 (50) Starostits,I (2488)-Brodowski,P (2417) Krakow 2011}) 14. Bxc5 Re8 $1 15. fxe5 Bxe5 16. c3 b6 17. Bf2 $146 ({Predecessor:} 17. Ba3 Bb7 18. Qe2 h5 19. d4 Bg7 20. Rad1 Qc7 21. Rde1 {0-1 (37) Grego,P (1961)-Sandu,M (2157) Rochefort 2006}) 17... Bb7 18. Qe2 Qc7 19. d4 Bg7 20. g4 Rbd8 21. Rae1 ({Much weaker is} 21. gxf5 exf5 22. Bh4 (22. Bg3 Qd7 $17) 22... Rc8 $17) 21... Bd5 22. gxf5 (22. Qd2 $5 Nd6 23. Bh4 Nxe4 24. Bxd8 Nxd2 25. Bxc7 Bxg2 26. Kxg2 Nxf1 27. Kxf1 $14 (27. Rxf1 f6 $11)) 22... exf5 23. Nf6+ (23. Qc2 $1 $11 {keeps the balance.} fxe4 24. Bxe4) 23... Bxf6 24. Qxe8+ Rxe8 25. Rxe8+ Kg7 26. Bxd5 Qd7 $1 27. Bxf7 Qxf7 28. Rfe1 Qxa2 29. Ra8 h5 30. d5 Qxd5 31. Rxa7+ Kh6 32. Be3+ Bg5 33. Bd4 {[%emt 0:00:51] [#]} (33. Bxg5+ $17 {keeps fighting.} Kxg5 34. Rae7) 33... h4 $1 34. Re8 {[%emt 0:07:31] [#]} Bf4 $1 35. Bf6 (35. Re2 $142) 35... Qc5+ 36. Bd4 Qc6 37. Rh7+ Kg5 38. Reh8 Qe4 39. Rxh4 Be3+ 40. Bxe3+ Qxe3+ 41. Kf1 Qc1+ 42. Ke2 Qxb2+ 43. Kd3 Qb5+ 44. c4 $2 (44. Rc4 $1 $15) 44... Qb3+ 45. Kd2 f4 46. R4h7 Qxc4 47. h4+ Kf5 $19 (47... Kg4 $142 48. Rd8 f3) 48. Rf8+ Kg4 49. Rhf7 b5 50. Rf6 Kf3 51. R6f7 b4 0-1

[Event "XVII Profigaia Open 2017"]
[Site "Gaia"]
[Date "2017.06.16"]
[Round "4"]
[White "Figueiredo, Bruno"]
[Black "Ribeiro, Andre Amorim"]
[Result "0-1"]
[ECO "A16"]
[WhiteElo "1914"]
[BlackElo "1463"]
[Annotator "NA RC"]
[PlyCount "70"]
[EventDate "2017.??.??"]
[EventType "swiss"]
[EventCountry "POR"]
[SourceTitle "playchess.com"]
[Source "ChessBase"]
[SourceQuality "1"]
[TimeControl "5400+30"]

1. c4 Nf6 2. Nc3 g6 3. g3 Bg7 4. Bg2 O-O 5. Nf3 d6 6. O-O Nbd7 7. Rb1 {[%emt 0:01:00] LiveBook: 29 Games} c6 8. b4 Rb8 9. b5 {[%emt 0:01:59] A16: English Opening: 1...Nf6 with ...d5} (9. d3 $14) 9... c5 10. a4 $146 ({Predecessor:} 10. d3 b6 11. e4 Bb7 12. Bg5 Qc7 13. Qd2 {½-½ (27) Trauth,M (2225)-Del Nevo,C (1925) Arco 2005}) 10... a5 11. bxa6 (11. Qc2 $14) 11... bxa6 12. Bb2 Bb7 13. Qc2 Ng4 14. d3 Nge5 15. Nxe5 Nxe5 16. Bxb7 Rxb7 17. Nd5 e6 18. Ne3 Qc7 19. f4 (19. Bxe5 $5 Rxb1 20. Rxb1 Bxe5 21. Qb3 $11) 19... Nc6 20. Bxg7 Kxg7 21. Rxb7 Qxb7 22. Rb1 Nb4 23. Qc3+ Kg8 $2 (23... f6 $11) 24. Ng4 e5 25. Nf6+ Kg7 26. fxe5 Qe7 {[%emt 0:03:03] [#]} 27. Ng4 $2 (27. Nd7 $1 $18 dxe5 28. Nxf8 Kxf8 29. Qd2) 27... dxe5 28. Nxe5 f6 29. Ng4 Qxe2 30. Nf2 Re8 31. Ne4 $2 (31. d4 $11 {and White is okay.}) 31... Qe3+ $17 ({Inferior is} 31... Nxd3 32. Qxf6+ Kg8 33. Ng5 $11) ({Worse is} 31... Qxd3 32. Qxd3 Nxd3 33. Rb7+ Kf8 34. Nxf6 $11) 32. Kf1 $2 (32. Nf2 $17) 32... Rxe4 33. Rxb4 cxb4 34. Qxb4 Qxd3+ 35. Kg1 Qd1+ 0-1

[Event "XVII Profigaia Open 2017"]
[Site "Gaia"]
[Date "2017.06.16"]
[Round "4"]
[White "Catarro, Jose Joao Dias"]
[Black "Marrios, Ruben"]
[Result "1-0"]
[ECO "A04"]
[WhiteElo "1833"]
[BlackElo "1315"]
[Annotator "NA RC"]
[PlyCount "29"]
[EventDate "2017.??.??"]
[EventType "swiss"]
[EventCountry "POR"]
[SourceTitle "playchess.com"]
[Source "ChessBase"]
[SourceQuality "1"]
[TimeControl "5400+30"]

1. Nf3 Nc6 2. c4 Nf6 3. d4 e6 4. Nc3 Bb4 5. Qc2 d5 6. Bg5 {[%emt 0:00:59] LiveBook: 28 Games} h6 7. Bh4 ({Better is} 7. Bxf6 $14 Qxf6 8. e3) 7... g5 ({Of course not} 7... dxc4 $6 8. e3 $14) 8. Bg3 g4 $1 ({Don't play} 8... dxc4 $6 9. e3 $14) 9. Ne5 Nxd4 10. Qd3 Nf5 11. O-O-O $2 (11. Bf4 $17 {was worth a try.}) 11... Bxc3 12. Qxc3 (12. bxc3 $142 Qd6 13. cxd5 exd5 14. Qb5+ c6 15. Qb4) 12... Ne4 13. Qe1 Nfxg3 14. Nxf7 Kxf7 $19 ({Not} 14... Nxh1 15. Nxd8 Nhxf2 16. cxd5 $19) 15. hxg3 1-0

[Event "XVII Profigaia Open 2017"]
[Site "Gaia"]
[Date "2017.06.16"]
[Round "4"]
[White "Andrade, Ricardo Sarmento"]
[Black "Pinto, Pedro"]
[Result "1-0"]
[ECO "A38"]
[WhiteElo "1754"]
[BlackElo "1410"]
[Annotator "NA RC"]
[PlyCount "81"]
[EventDate "2017.??.??"]
[EventType "swiss"]
[EventCountry "POR"]
[SourceTitle "playchess.com"]
[Source "ChessBase"]
[SourceQuality "1"]
[TimeControl "5400+30"]

1. Nf3 g6 2. c4 c5 3. Nc3 Bg7 4. g3 Nf6 5. Bg2 Nc6 6. d4 cxd4 7. Nxd4 Qb6 8. Nxc6 dxc6 9. Qc2 O-O 10. Rb1 Qb4 11. Qa4 Qxa4 12. Nxa4 Bf5 13. Ra1 Ng4 14. O-O Ne5 15. c5 Bc2 16. Nc3 Nd7 17. Be3 Bxc3 18. bxc3 Rfd8 19. Rac1 Bf5 20. f4 a5 21. Bd4 Bg4 22. e4 a4 23. Rb1 Be2 24. Rf2 Bb5 25. Bf1 Bxf1 26. Kxf1 Ra5 27. Rxb7 Nxc5 28. Rxe7 Kf8 29. Bxc5 Rxc5 30. Ra7 Rc4 31. Rb2 Kg7 32. Rbb7 Rf8 33. e5 Rxc3 34. Rxa4 Rc1+ 35. Kg2 Rc2+ 36. Kf3 Rxh2 37. Raa7 Kg8 38. Rc7 Rc2 39. e6 fxe6 40. Rg7+ Kh8 41. Rxh7+ 1-0

[Event "XVII Profigaia Open 2017"]
[Site "Gaia"]
[Date "2017.06.16"]
[Round "4"]
[White "Pipiras, Filipa Fortuna"]
[Black "Da Silva Junior, Antonio Gomes"]
[Result "1-0"]
[ECO "C62"]
[WhiteElo "1641"]
[BlackElo "1846"]
[Annotator "NA RC"]
[PlyCount "39"]
[EventDate "2017.??.??"]
[EventType "swiss"]
[EventCountry "POR"]
[SourceTitle "playchess.com"]
[Source "ChessBase"]
[SourceQuality "1"]
[TimeControl "5400+30"]

1. e4 e5 2. Nf3 Nc6 3. Bb5 d6 4. d4 Bd7 5. O-O (5. d5 $5 Nce7 6. Qd3 $14) 5... Nf6 6. Nc3 a6 {[%emt 0:03:00] [#]} 7. Bc4 {[%emt 0:01:12] C66: Ruy Lopez: Steinitz Defence} (7. Bxc6 $1 $16 Bxc6 8. dxe5 Nxe4 (8... dxe5 9. Nxe5 Qxd1 10. Rxd1 Rd8 11. Rxd8+ {1-0 (11) Sanchez,M (2358)-Almeida,N (2000) ICCF email 2007}) 9. Nxe4 Bxe4 10. Ng5) 7... Bg4 8. d5 Nd4 $1 9. Be2 Nxe2+ $146 ({Predecessor:} 9... Be7 10. Nxd4 exd4 11. Bxg4 dxc3 12. bxc3 Nxe4 13. Bb2 O-O 14. Bf5 Nf6 {1-0 (70) Todev,S (1468)-Arshinkova,B (1279) Sofia 2016}) 10. Qxe2 Be7 11. h3 Bh5 12. Qd3 O-O 13. Ne2 Bg6 14. Ng3 h6 15. Nh4 {[%emt 0:07:57] [#]} Bxe4 $1 16. Nxe4 Nxe4 17. Nf5 {[%emt 0:01:10] [#]} Ng5 $2 {[%emt 0:05:38] [#]} (17... Nc5 $1 $17 18. Qg3 Bg5) 18. h4 $1 Nh7 19. Qg3 Kh8 $2 (19... g6 $16) 20. Qxg7# 1-0

[Event "XVII Profigaia Open 2017"]
[Site "Gaia"]
[Date "2017.06.16"]
[Round "4"]
[White "Freitas, Ruben Manuel"]
[Black "Andrade Sandoval, Jim Carlos"]
[Result "1/2-1/2"]
[ECO "B44"]
[WhiteElo "1636"]
[BlackElo "1971"]
[Annotator "NA RC"]
[PlyCount "65"]
[EventDate "2017.??.??"]
[EventType "swiss"]
[EventCountry "POR"]
[SourceTitle "playchess.com"]
[Source "ChessBase"]
[SourceQuality "1"]
[TimeControl "5400+30"]

1. e4 c5 2. Nf3 e6 3. d4 cxd4 4. Nxd4 Nc6 5. a3 Qc7 6. Nc3 a6 7. Be3 Nf6 8. Be2 Be7 9. O-O {[%emt 0:00:14] LiveBook: 71 Games} O-O 10. f4 {[%emt 0:09:25] B48: Sicilian: Taimanov: 5 Nc3 Qc7 6 Be3 a6 without Be2} d5 (10... d6 11. Kh1 Nxd4 12. Bxd4 e5 13. Bg1 b5 14. Bf3 Bb7 15. f5 Rac8 16. Qe1 Rfe8 17. Rd1 d5 18. exd5 e4 19. Nxe4 Bxd5 20. Bd4 Nxe4 21. Bxe4 Bf6 22. Bxf6 Bxe4 23. Qh4 gxf6 24. Rf4 Qxc2 25. Rg4+ Kf8 26. Re1 {0-1 (26) Jobava,B (2734)-Nisipeanu,L (2648) Burgas 2012}) 11. e5 Nd7 12. Qe1 Bc5 13. Qf2 Nxd4 14. Bxd4 Qb6 $146 ({Predecessor:} 14... b5 15. Bd3 Bb7 16. Ne2 g6 17. b4 {1-0 (38) Mostowik,D (1763)-Kele,K (1980) LSS email 2013}) 15. Bxc5 Qxc5 16. Qxc5 Nxc5 17. Bd3 Bd7 18. Rac1 Rac8 19. g3 Rfd8 20. b4 d4 21. Ne2 Nxd3 22. cxd3 Bb5 23. Rxc8 Rxc8 24. Rc1 Rd8 25. Nxd4 $1 Bxd3 26. Kf2 Be4 27. Ke3 Bd5 28. Rc7 Kf8 29. g4 Ke8 30. f5 Rd7 $1 31. Rc8+ Rd8 32. Rc7 Rd7 33. Rc8+ $11 1/2-1/2

[Event "XVII Profigaia Open 2017"]
[Site "Gaia"]
[Date "2017.06.16"]
[Round "4"]
[White "Brandao, Alvaro Sousa"]
[Black "Duarte, Duarte"]
[Result "0-1"]
[ECO "A40"]
[WhiteElo "1605"]
[BlackElo "1916"]
[Annotator "NA RC"]
[PlyCount "80"]
[EventDate "2017.??.??"]
[EventType "swiss"]
[EventCountry "POR"]
[SourceTitle "playchess.com"]
[Source "ChessBase"]
[SourceQuality "1"]
[TimeControl "5400+30"]

1. d4 e6 2. a3 {[%emt 0:01:33] A40: Unusual replies to 1 d4} (2. Bf4 Nf6 3. e3 d5 4. c4 Bd6 5. Bxd6 cxd6 6. Nc3 dxc4 7. Bxc4 O-O 8. Nf3 a6 9. O-O b5 10. Bd3 Bb7 11. Qe2 Nbd7 12. a4 {1-0 (44) Karjakin,S (2783)-Meier,G (2630) chess.com INT 2017}) 2... Nf6 3. Nc3 d5 4. Bf4 c5 5. e3 a6 6. Nf3 {[%emt 0:00:51] LiveBook: 21 Games} Nc6 7. Be2 Be7 8. O-O Nh5 9. Ne5 $2 $146 (9. dxc5 $11 {and White is okay.} Nxf4 10. exf4) ({Predecessor:} 9. Bg3 Nxg3 10. hxg3 cxd4 11. Nxd4 O-O 12. Nxc6 bxc6 {0-1 (68) Ilic,I (2055)-Schulz,M (2245) Vienna 2009}) 9... Nxf4 10. exf4 Nxd4 11. Bg4 O-O 12. g3 Qc7 13. Ne2 Nc6 14. Nf3 b5 15. h4 h6 16. c3 a5 17. Qc2 Ba6 18. Rfe1 b4 19. cxb4 (19. axb4 $142 axb4 20. Nd2) 19... axb4 20. a4 c4 21. Ned4 Bf6 22. Nxe6 fxe6 23. Bxe6+ Kh8 24. Qg6 (24. Ng5 $142 Bxg5 25. hxg5) 24... Ne7 25. Qh5 Bc8 26. Ng5 Bxe6 27. Nxe6 Qd7 28. Nxf8 Rxf8 29. Re2 d4 30. Rc2 Rc8 31. Qb5 Qxb5 32. axb5 b3 33. Rcc1 c3 34. b6 Rb8 35. Ra6 c2 36. Rca1 d3 37. Ra8 Nc6 38. b7 d2 39. R1a6 d1=Q+ 40. Kh2 c1=Q 0-1

[Event "XVII Profigaia Open 2017"]
[Site "Gaia"]
[Date "2017.06.16"]
[Round "4"]
[White "Silva, Pedro Gil Ferreira "]
[Black "Marques Montolio, Luis"]
[Result "1-0"]
[ECO "C42"]
[WhiteElo "1592"]
[BlackElo "1596"]
[Annotator "NA RC"]
[PlyCount "33"]
[EventDate "2017.??.??"]
[EventType "swiss"]
[EventCountry "POR"]
[SourceTitle "playchess.com"]
[Source "ChessBase"]
[SourceQuality "1"]
[TimeControl "5400+30"]

1. e4 e5 2. Nf3 Nf6 3. Nxe5 Qe7 4. Nf3 Qxe4+ 5. Be2 Bc5 6. Nc3 Qe7 7. d4 Bb6 8. O-O O-O 9. Re1 d6 10. Bc4 Qd8 11. Bg5 Bg4 12. Nd5 h6 13. Nxf6+ gxf6 14. Bxh6 Re8 15. Rxe8+ Qxe8 16. Qd3 Nc6 17. Qg6+ 1-0

[Event "XVII Profigaia Open 2017"]
[Site "Gaia"]
[Date "2017.06.16"]
[Round "4"]
[White "Marinho, Antonio Pedro"]
[Black "Moura, Paulo Jorge Alves B"]
[Result "1-0"]
[ECO "B23"]
[WhiteElo "1574"]
[BlackElo "1913"]
[Annotator "NA RC"]
[PlyCount "47"]
[EventDate "2017.??.??"]
[EventType "swiss"]
[EventCountry "POR"]
[SourceTitle "playchess.com"]
[Source "ChessBase"]
[SourceQuality "1"]
[TimeControl "5400+30"]

1. e4 c5 2. Nc3 Nc6 3. f4 e6 4. Nf3 d6 5. Bc4 Nge7 6. d3 g6 7. O-O Bg7 8. Qe1 O-O 9. f5 d5 {[%emt 0:04:08] LiveBook: 77 Games} 10. Bb3 Nd4 {[%emt 0:02:23] B23: Closed Sicilian: Lines without g3} (10... c4 11. f6 Bxf6 12. dxc4 d4 13. e5 Nxe5 14. Nxe5 Bxe5 15. Qxe5 Nc6 16. Qg3 dxc3 17. bxc3 e5 18. Bh6 {0-1 (40) Najer,E (2658)-Riazantsev,A (2646) Moscow 2015}) 11. Nxd4 Bxd4+ 12. Be3 $146 ({Predecessor:} 12. Kh1 c4 13. dxc4 dxc4 14. Bxc4 exf5 15. Bg5 Qc7 16. Bb3 Bg7 17. Qh4 Re8 18. Rae1 {1-0 (29) Geller,J (2437)-Kosov,A (2280) Moscow 2002}) 12... Bxe3+ 13. Qxe3 d4 14. Qh6 $1 dxc3 $4 (14... exf5 $11 15. Na4 Kh8) 15. f6 Nf5 {[%emt 0:03:48] [#]} 16. Rxf5 $1 Qd4+ 17. Kh1 Qxf6 18. Rxf6 cxb2 19. Rb1 b6 20. Rxb2 Rd8 21. Rb1 Ba6 22. Rbf1 Rd7 {[%emt 0:00:31] [#]} 23. Rxf7 $3 Rxf7 24. Bxe6 1-0

[Event "XVII Profigaia Open 2017"]
[Site "Gaia"]
[Date "2017.06.16"]
[Round "4"]
[White "Sa, Luis Afonso"]
[Black "Santos, Ricardo"]
[Result "0-1"]
[ECO "E68"]
[WhiteElo "1537"]
[BlackElo "2088"]
[Annotator "NA RC"]
[PlyCount "98"]
[EventDate "2017.??.??"]
[EventType "swiss"]
[EventCountry "POR"]
[SourceTitle "playchess.com"]
[Source "ChessBase"]
[SourceQuality "1"]
[TimeControl "5400+30"]

1. Nf3 Nf6 2. g3 g6 3. Bg2 Bg7 4. O-O O-O 5. d4 d6 6. c4 Nbd7 {[%emt 0:00:48] LiveBook: 5181 Games} 7. Nc3 e5 8. e4 Re8 9. d5 Nc5 10. Re1 {[%emt 0:00:20] E68: King's Indian: Fianchetto: 6...Nbd7 7 0-0 e5 8 e4} (10. Ne1 a5 11. Nd3 b6 12. Nxc5 dxc5 13. Bg5 h6 14. Bxf6 Bxf6 15. h4 Be7 16. Kh2 Qd7 17. Qa4 Qxa4 18. Nxa4 g5 19. hxg5 hxg5 20. Rh1 {½-½ (47) Zude,E (2408)-Amin,B (2660) Sharjah 2017}) 10... a5 11. Qc2 c6 $146 ({Predecessor:} 11... Nh5 12. h3 Bd7 13. Bg5 Qc8 14. Kh2 h6 15. Be3 Na6 16. Rac1 f5 17. Qd2 f4 18. gxf4 exf4 {½-½ (35) Pelaez,H (1785)-Hernandez,S (1929) La Dorada 2016}) 12. Be3 Na6 13. Qb3 Nd7 14. Na4 (14. Rad1 $14) 14... Rb8 15. Ba7 b5 16. Bxb8 $2 ({Don't blunder} 16. dxc6 $2 bxa4 17. Qxa4 Ra8 $19) (16. Nc3 $1 $11 bxc4 17. Qxc4 cxd5 18. Qxd5 Rxb2 19. Qxd6) 16... bxa4 17. Qxa4 Ndxb8 18. Red1 Nc5 19. Qc2 cxd5 20. cxd5 Bd7 21. Nd2 Nba6 22. Nc4 Bb5 23. a4 (23. b3 $17) 23... Nb4 24. Qc3 Nxa4 25. Rxa4 Bxa4 26. Ra1 Bb5 27. Nxa5 {[%emt 0:05:48] [#]} Na6 $1 28. Nc6 Qb6 29. Qa5 Qxa5 30. Rxa5 Bxc6 (30... Nc7 $19 31. Bf1 Bxf1 32. Kxf1 f5) 31. dxc6 {[%emt 0:00:15] [#]} Nb4 (31... Ra8 $1 $17 32. Rb5 Bf6) 32. c7 Rc8 33. Ra7 f5 $2 (33... Bf8 $11) 34. Rb7 $4 (34. exf5 $18 Na6 35. Rxa6 Rxc7 36. Bd5+ Kf8 37. fxg6 (37. Rxd6 gxf5 38. b4 Ke7 $16) 37... hxg6 38. Rxd6) 34... Na6 35. exf5 Rxc7 36. fxg6 Rxb7 37. gxh7+ Kxh7 38. Bxb7 Nb4 39. f4 (39. h4 $17) 39... exf4 40. gxf4 Bxb2 41. Kf1 Kg6 42. Ke2 Bc1 43. Kf3 Kf6 44. h4 (44. Be4 {is a better defense.}) 44... Nd3 45. f5 Nc5 46. Be4 Nxe4 47. Kxe4 Bd2 (47... Ba3 $19 48. Kf4 d5) 48. Kd3 Be1 49. h5 Kxf5 0-1

[Event "XVII Profigaia Open 2017"]
[Site "Gaia"]
[Date "2017.06.16"]
[Round "4"]
[White "Sismeiro, Miguel"]
[Black "Jesus, Joao Pedro Mendes D"]
[Result "1/2-1/2"]
[ECO "B59"]
[WhiteElo "1528"]
[BlackElo "1868"]
[Annotator "NA RC"]
[PlyCount "153"]
[EventDate "2017.??.??"]
[EventType "swiss"]
[EventCountry "POR"]
[SourceTitle "playchess.com"]
[Source "ChessBase"]
[SourceQuality "1"]
[TimeControl "5400+30"]

1. e4 c5 2. Nf3 Nc6 3. d4 cxd4 4. Nxd4 Nf6 5. Nc3 d6 6. Be2 e5 7. Nb3 {[%emt 0:01:09] LiveBook: 697 Games} Be7 8. O-O Be6 {[%emt 0:01:45] B59: Classical Sicilian: 6 Be2 e5 7 Nb3} (8... O-O 9. f4 a5 10. a4 exf4 11. Bxf4 Be6 12. Kh1 d5 13. e5 Ne4 14. Bd3 f5 15. exf6 Bxf6 16. Nxe4 dxe4 17. Bxe4 Qxd1 18. Raxd1 Bxb2 19. Bd6 Rxf1+ 20. Rxf1 {½-½ (40) Ter Sahakyan,S (2605)-Duda,J (2671) Martuni 2016}) 9. Kh1 d5 10. exd5 Nxd5 11. Ne4 b6 $146 ({Predecessor:} 11... f5 12. Nec5 Bf7 13. Nxb7 Qb6 14. Bc4 Ndb4 15. Bxf7+ Kxf7 16. Nd6+ Bxd6 17. Qxd6 {0-1 (51) Santos,I (1734)-Amrayeva,A (1990) Maribor 2012}) 12. Bb5 Rc8 13. Qh5 ({Better is} 13. f4 $11 Ndb4 14. Qxd8+ Rxd8 15. fxe5) 13... O-O 14. Bxc6 Rxc6 15. Qxe5 Nf6 $2 (15... Rxc2 $11 {and Black has nothing to worry.} 16. Nd4 Qc7 17. Qxc7 Rxc7) 16. Nd4 Rxc2 $2 (16... Rc8) 17. Nxe6 $2 (17. Nxc2 $18 Qd3 18. Bg5 Qxc2 19. Bxf6 Bxf6 20. Nxf6+ gxf6 21. Qxf6) 17... fxe6 18. Qxe6+ Kh8 19. Qb3 (19. f3 $14) 19... Re2 (19... Rxc1 $15 {keeps the upper hand.} 20. Raxc1 Nxe4) 20. Nc3 Re5 21. Bf4 Rc5 (21... Rf5 $14 22. Rad1 Qc8) 22. Rad1 Qe8 23. Bg3 Qg6 24. Rfe1 Re8 {[%emt 0:00:43] [#]} 25. Rxe7 (25. Qa4 $1 $18) 25... Rxe7 26. Bd6 Rce5 27. Bxe7 Rxe7 28. Nd5 Nxd5 29. Qxd5 Qe8 30. g3 h6 31. Qd8 Qxd8 32. Rxd8+ Kh7 33. Rd2 Kg6 34. Kg2 Kf5 35. f4 g5 36. fxg5 hxg5 37. Rf2+ Kg6 38. Kf3 Kf5 39. g4+ Kg6 40. Re2 Rf7+ 41. Kg3 Rd7 42. Re3 Kf6 43. h4 gxh4+ 44. Kxh4 Rh7+ 45. Kg3 Rd7 46. Kf4 Rd4+ 47. Re4 Rd2 {[%emt 0:00:13] [#]} 48. g5+ ({White should try} 48. Rb4 $1 $16) 48... Kf7 49. Kf5 (49. Rb4 $14) 49... Rf2+ 50. Kg4 Rxb2 51. Ra4 a5 52. Ra3 Rb4+ 53. Kf5 a4 54. Rc3 Rb5+ 55. Kg4 Rb2 56. Rc7+ Kg6 57. Rc6+ Kf7 58. Kf5 Rf2+ 59. Kg4 Rg2+ 60. Kf5 Rf2+ 61. Kg4 b5 62. Rb6 Rg2+ 63. Kf5 Rf2+ 64. Kg4 Rb2 65. Kf5 Rf2+ 66. Kg4 Rg2+ 67. Kf5 Rf2+ 68. Kg4 Rxa2 69. Rxb5 a3 $11 70. Rb1 Rb2 71. Ra1 Rb4+ 72. Kf3 Ra4 73. Ke3 a2 74. Kd3 Kg6 75. Kc3 Kxg5 76. Kb3 Ra6 77. Rxa2 1/2-1/2

[Event "XVII Profigaia Open 2017"]
[Site "Gaia"]
[Date "2017.06.16"]
[Round "4"]
[White "Donghi, Fabio"]
[Black "Da Silva, Pedro Vieira Prado"]
[Result "0-1"]
[ECO "A35"]
[WhiteElo "1519"]
[BlackElo "1521"]
[Annotator "NA RC"]
[PlyCount "116"]
[EventDate "2017.??.??"]
[EventType "swiss"]
[EventCountry "POR"]
[SourceTitle "playchess.com"]
[Source "ChessBase"]
[SourceQuality "1"]
[TimeControl "5400+30"]

1. c4 c5 2. Nf3 Nf6 3. Nc3 Nc6 4. d3 e6 5. Bf4 d5 6. g3 Nh5 7. Bd2 Be7 8. Bg2 O-O 9. O-O dxc4 10. dxc4 Nd4 11. Nxd4 cxd4 12. Qc2 dxc3 13. Bxc3 Bf6 14. Be4 Bxc3 15. Bxh7+ Kh8 16. bxc3 g6 17. Bxg6 fxg6 18. Qxg6 Ng7 19. Rad1 Qf6 20. Qxf6 Rxf6 21. Rd8+ Kh7 22. Rfd1 b6 23. R1d4 Nf5 24. Rf4 Kg6 25. Rg4+ Kh5 26. h3 Rg6 27. Rh8+ Nh6 28. Rh4+ Kg5 29. f4+ Kf5 30. Kf2 Nf7 31. Rf8 Kf6 32. Rh7 Rg7 33. Rxg7 Kxg7 34. Re8 Nd6 35. Re7+ Kf6 36. Rh7 Ne4+ 37. Ke3 Nxg3 38. Rh6+ Kg7 39. Rh4 Nf5+ 40. Kf2 Nxh4 41. e4 Ba6 42. Kg3 Ng6 43. f5 exf5 44. exf5 Ne7 45. Kg4 Rf8 46. h4 Bxc4 47. h5 Rxf5 48. a4 Be2+ 49. Kg3 Bxh5 50. c4 Bd1 51. Kh2 Rg5 52. c5 bxc5 53. a5 Kf6 54. a6 Kf5 55. Kh1 Kf4 56. Kh2 Kf3 57. Kh1 Kf2 58. Kh2 Rh5# 0-1

[Event "XVII Profigaia Open 2017"]
[Site "Gaia"]
[Date "2017.06.16"]
[Round "4"]
[White "Camelo, Joao"]
[Black "Andrade, Nuno Filipe"]
[Result "1/2-1/2"]
[ECO "C01"]
[WhiteElo "1300"]
[BlackElo "1765"]
[Annotator "NA RC"]
[PlyCount "34"]
[EventDate "2017.??.??"]
[EventType "swiss"]
[EventCountry "POR"]
[SourceTitle "playchess.com"]
[Source "ChessBase"]
[SourceQuality "1"]
[TimeControl "5400+30"]

1. e4 e6 2. d4 d5 3. exd5 exd5 4. Bf4 Nf6 5. Bd3 Be7 6. Nf3 Bg4 7. h3 Bh5 8. Nbd2 Nc6 9. c3 O-O 10. O-O Re8 11. Qc2 Bg6 12. Bxg6 hxg6 13. Rfe1 Bd6 14. Rxe8+ Nxe8 15. Bxd6 Qxd6 16. Re1 Nf6 17. Ne5 Re8 1/2-1/2

[Event "XVII Profigaia Open 2017"]
[Site "Gaia"]
[Date "2017.06.16"]
[Round "4"]
[White "Pedroso, Manuel"]
[Black "Silva, Ana Ines Teixeira D"]
[Result "0-1"]
[ECO "A57"]
[WhiteElo "1285"]
[BlackElo "1775"]
[Annotator "NA RC"]
[PlyCount "58"]
[EventDate "2017.??.??"]
[EventType "swiss"]
[EventCountry "POR"]
[SourceTitle "playchess.com"]
[Source "ChessBase"]
[SourceQuality "1"]
[TimeControl "5400+30"]

1. d4 Nf6 2. c4 c5 3. d5 b5 4. b3 g6 5. Nf3 d6 6. Bb2 Bg7 7. e3 bxc4 8. bxc4 O-O 9. Be2 Nbd7 10. O-O Rb8 11. Qc2 Rxb2 12. Qxb2 Ne4 13. Qc2 Bxa1 14. Qxe4 Ne5 15. Nbd2 Bf5 16. Qh4 Nxf3+ 17. Nxf3 Bf6 18. Ng5 Bxg5 19. Qxg5 f6 20. Qh6 Qa5 21. g4 Bc2 22. f4 Qd2 23. Bf3 Qxe3+ 24. Kg2 Rb8 25. Kg3 Be4 26. g5 f5 27. Qh3 Rb2 28. a4 Bxf3 29. Rxf3 Qe1+ 0-1